 Dungeon Crawl Stone Soup version 0.32-a0-86-g8db1b9f803 (webtiles) character file.

Game seed: 6269363518803447512

585 cforsyth the Trooper (level 7, 0/55 HPs)
             Began as a Djinni Warper on Feb 5, 2024.
             Slain by a quokka (3 damage)
             ... on level 5 of the Dungeon.
             The game lasted 00:06:01 (4323 turns).

cforsyth the Trooper (Djinni Warper)                Turns: 4323, Time: 00:06:01

Health: 0/55       AC:  4    Str: 10    XL:     7   Next: 64%
Gold:   357        EV: 11    Int: 17    God:
                   SH:  0    Dex: 12

rFire   + + .        o - +2 dagger (venom)
rCold   x . .        (no shield)
rNeg    . . .        b - +0 leather armour
rPois   ∞            (no helmet)
rElec   .            (no cloak)
rCorr   .            h - +0 pair of gloves
SInv    .            (boots unavailable)
Will    +....        (no amulet)
Stlth   +            r - ring of willpower
HPRegen 0.29/turn    (no ring)
MPRegen 0.00/turn

%: infuse magic (-1 HP)
@: flying
A: sickness immunity, fire resistance 2, cold vulnerability 1, float, innate
caster, HP casting, extra vitality 1
a: no special abilities


You were on level 5 of the Dungeon.
You visited 1 branch of the dungeon, and saw 5 of its levels.

You collected 357 gold pieces.

Inventory:

Hand Weapons
 a - a +0 falchion
 o - a +2 dagger of venom (weapon)
Missiles
 d - 6 darts of dispersal
 n - 13 poisoned darts
Armour
 b - a +0 leather armour (worn)
 h - a +0 pair of gloves (worn)
Jewellery
 r - a ring of willpower (left hand)
Wands
 m - a wand of flame (18)
Scrolls
 c - a scroll of blinking
 e - 2 scrolls of enchant armour {unknown}
 f - 5 scrolls of identify {unknown}
 g - 3 scrolls of enchant weapon {unknown}
 l - a scroll of summoning {unknown}
 q - a scroll of teleportation {unknown}
 s - a scroll of vulnerability {unknown}
 t - a scroll of fear {unknown}
 u - a scroll of amnesia {unknown}
Potions
 i - a potion of haste {unknown}
 j - a potion of resistance {unknown}
 k - a potion of mutation {unknown}
 p - a potion of heal wounds {unknown}
 v - a potion of berserk rage {unknown}
 w - a potion of curing


   Skills:
 + Level 5.7 Fighting
 - Level 1.9 Long Blades
 - Level 0.9 Throwing
 - Level 1.1 Armour
 - Level 2.3 Dodging
 + Level 5.0 Spellcasting
 + Level 5.0 Conjurations
 + Level 5.0 Hexes
 + Level 5.0 Summonings
 + Level 5.0 Necromancy
 + Level 5.0 Translocations
 + Level 5.0 Fire Magic
 + Level 5.0 Ice Magic
 + Level 5.0 Air Magic
 + Level 5.0 Earth Magic
 + Level 5.0 Alchemy


You knew the following spells:

 Your Spells              Type           Power      Damage    Failure   Level
a - Blink                 Tloc           42%        N/A       3%          2
b - Lesser Beckoning      Tloc           42%        N/A       3%          2
c - Teleport Other        Tloc           21%        N/A       8%          3
d - Manifold Assault      Tloc           21%        N/A       24%         4
e - Vhi's Electric Charg  Tloc/Air       42%        N/A       24%         4
f - Sting                 Conj/Alch      84%        1d8       2%          1
g - Ensorcelled Hibernat  Hex/Ice        42%        N/A       3%          2
h - Tukima's Dance        Hex            21%        N/A       8%          3
Your spell library was empty.

Dungeon Overview and Level Annotations

Branches:
Dungeon (5/15)
 Temple: D:4-7

Altars:
Ashenzari
Cheibriados
Fedhas
Hepliaklqana
Trog
Xom
Yredelemnul
Zin

Shops:
D:2 =


Innate Abilities, Weirdness & Mutations

You are immune to sickness and miasma.
You are immune to poison.
Your flesh is very heat resistant. (rF++)
You are vulnerable to cold. (rC-)
You float through the air rather than walking.
You learn spells naturally, not from books.
Your magical power is your life essence.
You have superior vitality. (+4 MHP)


Message History

* * * LOW HITPOINT WARNING * * *
Casting: Ensorcelled Hibernation (safe; 3% risk of failure)
Confirm with . or Enter, or press ? or * to list all spells.
Aiming: Sting (safe; 2% risk of failure)
Press: ? - help, Shift-Dir - straight line, f/p - centaur
Aim: a centaur (moderately wounded, very poisoned, 85% to hit)
The sting hits the centaur.
The centaur looks even sicker.
The centaur is moderately wounded.
* * * LOW HITPOINT WARNING * * *
The centaur barely misses you.
The centaur kicks you but does no damage.
The centaur barely misses you. The centaur kicks you.
* * * LOW HITPOINT WARNING * * *
It was a potion of curing.
You feel better. The centaur closely misses you.
The centaur completely misses you.
Casting: Sting (safe; 2% risk of failure)
Confirm with . or Enter, or press ? or * to list all spells.
Aiming: Sting (safe; 2% risk of failure)
Press: ? - help, Shift-Dir - straight line, f/p - centaur
Aim: a centaur (moderately wounded, very poisoned, 85% to hit)
The sting hits the centaur.
The centaur looks as sick as possible!
The centaur is heavily wounded.
* * * LOW HITPOINT WARNING * * *
The centaur misses you. The centaur closely misses you.
The quokka barely misses you. The centaur hits you.
* * * LOW HITPOINT WARNING * * *
The centaur kicks you.
* * * LOW HITPOINT WARNING * * *
Casting: Sting (safe; 2% risk of failure)
Confirm with . or Enter, or press ? or * to list all spells.
Aiming: Sting (safe; 2% risk of failure)
Press: ? - help, Shift-Dir - straight line, f/p - centaur
Aim: a centaur (severely wounded, extremely poisoned, 85% to hit)
The sting hits the centaur.
The centaur looks as sick as possible!
The centaur is severely wounded.
* * * LOW HITPOINT WARNING * * *
The quokka closely misses you. The centaur hits you.
* * * LOW HITPOINT WARNING * * *
The centaur closely misses you. The quokka bites you.
You die...

...........♣#
##########c♣
#.♣# #.c♣♣♣.♣
#.....♣
#..♣♣♣.♣ ####
##.♣# #...##
#..♣ .♣
#.@###..♣# ♣.♣
#.rc.....♣♣♣...
#..............
#.............#
#....#....###.#
+....#....# #
####....#....#
........#....#
#............#


You could see a centaur (extremely poisoned) and a quokka.

Vanquished Creatures
  Sigmund (D:3)
  An ogre (D:4)
  A hound (D:4)
  A bombardier beetle (D:4)
  A jelly (D:3)
  2 orc wizards
  Robin (D:2)
  7 adders
  4 dart slugs
  4 ribbon worms (D:2)
  6 orcs
  8 ball pythons
  6 bats
  14 endoplasms
  4 giant cockroaches
  12 goblins
  9 hobgoblins
  10 kobolds
  A quokka (D:3)
  2 frilled lizards (D:2)
  12 rats
107 creatures vanquished.

Notes
Turn   | Place    | Note
-------+----------+-------------------------------------------
     0 | D:1      | cforsyth the Djinni Warper began the quest for the Orb.
     0 | D:1      | cforsyth set off with the following spells memorised:
                  | Blink, Lesser Beckoning, Teleport Other, Manifold Assault,
                  | Vhi's Electric Charge.
     0 | D:1      | Reached XP level 1. HP: 18/18 MP: 0/0
   131 | D:1      | Reached XP level 2. HP: 22/23 MP: 0/0
   602 | D:1      | Reached XP level 3. HP: 27/29 MP: 0/0
   602 | D:1      | Learned a level 1 spell: Sting
  1067 | D:2      | Found Xifujar's Jewellery Shoppe.
  1181 | D:2      | Reached XP level 4. HP: 30/34 MP: 0/0
  1535 | D:2      | Found a broken altar of Ashenzari.
  1591 | D:2      | Noticed Robin
  1605 | D:2      | Killed Robin
  1611 | D:2      | HP: 1/35 [ribbon worm (8)]
  1903 | D:2      | Reached XP level 5. HP: 36/40 MP: 0/0
  1903 | D:2      | Learned a level 2 spell: Ensorcelled Hibernation
  2261 | D:3      | Found a shimmering altar of Xom.
  2261 | D:3      | Found a glowing silver altar of Zin.
  2261 | D:3      | Found a broken altar of Ashenzari.
  2261 | D:3      | Found a bloodstained altar of Trog.
  2704 | D:3      | Reached XP level 6. HP: 38/47 MP: 0/0
  2793 | D:3      | Noticed Sigmund
  2807 | D:3      | Killed Sigmund
  2858 | D:3      | Reached skill level 5 in Fighting
  2946 | D:3      | Reached XP level 7. HP: 52/54 MP: 0/0
  2946 | D:3      | Learned a level 3 spell: Tukima's Dance
  3363 | D:4      | Found a blossoming altar of Fedhas.
  3364 | D:4      | Found a basalt altar of Yredelemnul.
  3365 | D:4      | Found a hazy altar of Hepliaklqana.
  3365 | D:4      | Found a snail-covered altar of Cheibriados.
  3367 | D:4      | Found a broken altar of Ashenzari.
  4163 | D:4      | Reached skill level 5 in Spellcasting
  4163 | D:4      | Reached skill level 5 in Conjurations
  4163 | D:4      | Reached skill level 5 in Hexes
  4163 | D:4      | Reached skill level 5 in Summonings
  4163 | D:4      | Reached skill level 5 in Necromancy
  4163 | D:4      | Reached skill level 5 in Translocations
  4163 | D:4      | Reached skill level 5 in Fire Magic
  4163 | D:4      | Reached skill level 5 in Ice Magic
  4163 | D:4      | Reached skill level 5 in Air Magic
  4163 | D:4      | Reached skill level 5 in Earth Magic
  4163 | D:4      | Reached skill level 5 in Alchemy
  4267 | D:5      | Entered Level 5 of the Dungeon
  4323 | D:5      | Slain by a quokka

Illustrated notes

Levels and vault maps discovered:
D:1:      scummos_arrival_star, layout_loops_ring, hangedman_glass_teeth,
          reono_crystal_passage, columned_hall_lemuel, minmay_rat_gold_closets
D:2:      layout_basic, basic_altar, serial_shops, nicolae_diamond_shop,
          uniq_robin
D:3:      cheibrodos_fertilizer, layout_rooms, uniq_sigmund
D:4:      minmay_recursive_quarters, layout_layer_cave,
          grunt_temple_overflow_open, amcnicky_altar_gilded
D:5:      layout_basic, grunt_temple_overflow_champion_of_chaos,
          lemuel_tele_altar, minmay_temple_entry_drinking_statues,
          minmay_misc_feat_encased, minmay_stone_trees_medium,
          interstate_on_off, nicolae_twisty_statue_hallways

Skill      XL: |  1  2  3  4  5  6  7 |
---------------+----------------------+-----
Spellcasting   | 3 4 5 |  5.0
Conjurations   | 3 4 5 |  5.0
Hexes          | 3 4 5 |  5.0
Summonings     | 3 4 5 |  5.0
Necromancy     | 3 4 5 |  5.0
Translocations | 3 4 5 |  5.0
Fire Magic     | 3 4 5 |  5.0
Ice Magic      | 3 4 5 |  5.0
Air Magic      | 3 4 5 |  5.0
Earth Magic    | 3 4 5 |  5.0
Alchemy        | 3 4 5 |  5.0
Fighting       | 3 4 5 |  5.7
Long Blades    | |  1.9
Throwing       | |  0.9
Armour         | |  1.1
Dodging        | |  2.3

Action                     |  1- 3 |  4- 6 |  7- 9 || total
---------------------------+-------+-------+-------++-------
  Melee: Falchion          |    62 |     3 |       ||    65
         Dagger            |       |       |     4 ||     4
  Throw: Dart              |     1 |       |       ||     1
   Cast: Sting             |    21 |   130 |    63 ||   214
         Ensorcelled Hiber |       |       |     1 ||     1
         Lesser Beckoning  |       |       |     1 ||     1
    Use: Potion            |       |       |     1 ||     1
   Stab: Sleeping          |     2 |       |     1 ||     3
 Armour: Leather armour    |    42 |    41 |    39 ||   122
  Dodge: Dodged            |    31 |    33 |    20 ||    84

Table legend: (Time is in decaauts)
 A = Elapsed time spent in this place.
 B = Non-inter-level travel time spent in this place.
 C = Inter-level travel time spent in this place.
 D = Time resting spent in this place.
 E = Time spent auto-exploring this place.
 F = Levels seen in this place.
 G = Mean time per level.
                   A        B        C        D        E       F      G
               +--------+--------+--------+--------+--------+-----+--------+
         Total |   4337 |   4224 |    113 |    200 |   3286 |   5 |  867.4 |
       Dungeon |   4337 |   4224 |    113 |    200 |   3286 |   5 |  867.4 |
               +--------+--------+--------+--------+--------+-----+--------+

Top non-repeatable levels by time:
     D:2: 1345 daAuts
     D:3: 1017 daAuts
     D:4: 985 daAuts
     D:1: 932 daAuts
     D:5: 55 daAuts
